 Dungeon Crawl Stone Soup version 0.29-a0-231-g945431f764 (webtiles) character file.

Game seed: 1573006519413651500

1372 nevergonnagetit the Quickloader (level 8, 0/52 (56) HPs)
             Began as a Demonspawn Hunter on Feb 28, 2022.
             Slain by a wight
             ... wielding a +0 halberd
              (2 damage)
             ... on level 6 of the Dungeon.
             The game lasted 00:15:35 (7708 turns).

nevergonnagetit the Quickloader (Demonspawn Hunter) Turns: 7708, Time: 00:15:35

HP:   0/52 (56)     AC:  9    Str: 14    XL:     8   Next: 38%
MP:   8/8           EV: 11    Int: 13    God:
Gold: 281           SH:  0    Dex: 14    Spells: 7/7 levels left

rFire   . . .      SeeInvis .   b - +2 war axe (elec)
rCold   . . .      Faith    .   (no shield)
rNeg    . . .      Spirit   .   m - +0 ring mail
rPois   .          Reflect  .   p - +0 helmet
rElec   .          Harm     .   o - +0 cloak
rCorr   .          Rampage  .   (no gloves)
Will    .....                   (no boots)
Stlth   ++........              (no amulet)
HPRegen 0.17/turn               (no ring)
MPRegen 0.22/turn               (no ring)

@: drained
A: claws 1, yellow scales 1, magic regeneration
a: no special abilities


You were on level 6 of the Dungeon.
You visited 2 branches of the dungeon, and saw 7 of its levels.

You collected 281 gold pieces.

Inventory:

Hand Weapons
 a - a +1 hand crossbow
 b - a +2 war axe of electrocution (weapon)
 B - a +2 dagger of draining
Missiles
 i - 10 poisoned darts
Armour
 g - a +0 leather armour
 m - a +0 ring mail (worn)
 o - a +0 cloak (worn)
 p - a +0 helmet (worn)
Jewellery
 w - a ring of flight
Wands
 t - a wand of mindburst (18)
 z - a wand of charming (10)
 A - a wand of flame (21)
Scrolls
 c - a scroll of amnesia
 h - a scroll of fear
 j - a scroll of teleportation
 k - 2 scrolls of magic mapping
 n - a scroll of vulnerability
 q - 2 scrolls of identify
 r - a scroll of holy word {unknown}
 s - a scroll of immolation {unknown}
 u - a scroll of noise {unknown}
 x - a scroll of enchant weapon {unknown}
 y - a scroll of fog {unknown}
Potions
 d - 3 potions of attraction
 e - 2 potions of flight
 f - 2 potions of brilliance
 l - a potion of might {unknown}
 v - 2 potions of heal wounds {unknown}
 C - 2 potions of curing {unknown}


   Skills:
 - Level 2.2 Fighting
 + Level 2.0 Axes
 + Level 8.7 Crossbows
 - Level 1.7 Dodging
 - Level 5.0 Stealth


You had 7 spell levels left.
You didn't know any spells.
Your spell library contained the following spells:

 Spells                   Type           Power      Damage    Failure   Level
 Magic Dart               Conj           0%         1d3       54%         1
 Slow                     Hex            0%         N/A       54%         1
 Scorch                   Fire           0%         2d5       67%         2
 Searing Ray              Conj           0%         2d4       67%         2
 Confusing Touch          Hex            0%         N/A       88%         3
 Vampiric Draining        Necr           0%         2d6       88%         3
 Flame Wave               Conj/Fire      0%         2d4       99%         4
 Fulminant Prism          Conj/Hex       0%         3d6       99%         4
 Blade Hands              Tmut           0%         N/A       100%        5
 Irradiate                Conj/Tmut      0%         3d13      100%        5
 Summon Cactus Giant      Summ           0%         N/A       100%        6
 Dragon Form              Tmut           0%         N/A       100%        7


Dungeon Overview and Level Annotations

Branches:
Dungeon (6/15)             Temple (1/1) D:6

Altars:
Ashenzari
Cheibriados
Dithmenos
Elyvilon
Fedhas
Hepliaklqana
Kikubaaqudgha
Makhleb
Nemelex Xobeh
Okawaru
Qazlal
Ru
Sif Muna
Trog
Uskayaw
Vehumet
Wu Jian
Xom
Yredelemnul
Zin
The Shining One


Innate Abilities, Weirdness & Mutations

You have sharp fingernails.
You are partially covered in yellow scales. (AC +2)
You regenerate magic rapidly.


Message History

You are too injured to fight recklessly!
Shoot: a) +1 hand crossbow
Press: ? - help, Shift-Dir - straight line, f - wight
Aim: a wight, wielding a +0 halberd and wearing a +0 robe (wandering, hasn't noticed you, 66% to hit)
You shoot a bolt.
The bolt hits the wight but does no damage.
Shoot: a) +1 hand crossbow
Press: ? - help, Shift-Dir - straight line, f/p - wight
Aim: a wight, wielding a +0 halberd and wearing a +0 robe (66% to hit)
You shoot a bolt. The bolt hits the wight.
The wight is lightly damaged.
Shoot: a) +1 hand crossbow
Press: ? - help, Shift-Dir - straight line, f/p - wight
Aim: a wight, wielding a +0 halberd and wearing a +0 robe (lightly damaged, 66% to hit)
You shoot a bolt. The bolt hits the wight.
The wight is moderately damaged.
Shoot: a) +1 hand crossbow
Press: ? - help, Shift-Dir - straight line, f/p - wight
Aim: a wight, wielding a +0 halberd and wearing a +0 robe (moderately damaged, 66% to hit)
You shoot a bolt.
The bolt hits the wight but does no damage.
The wight is moderately damaged.
You hear the crackle of electricity.
b - a +2 war axe of electrocution (weapon)
The wight hits you with a +0 halberd!
Things that are here:
a +3 long sword; a +0 robe You closely miss the wight.
The wight is moderately damaged.
The wight hits you with a +0 halberd.
* * * LOW HITPOINT WARNING * * *
You feel drained.
* * * LOW HITPOINT WARNING * * *
A wight comes into view.
It is wielding a +2 great sword of freezing.
You closely miss the wight.
The wight is moderately damaged.
The wight hits you with a +0 halberd!
* * * LOW HITPOINT WARNING * * *
You feel drained.
You die...

#.. .##...#......# #...
.............#######
....####.##...............#
.......#..##........#.#.#.#
..........##.#.#.#.........
......$#..#....###..#.#.#..
.......#..#.....##.........
..........#......#..#.#.#..
.#.#.#...z@................
...z.....##)..>#.....#####.
.#.#.#........##.......# .
.............####...##.##.#
.#.#.#.........######.....#
..........#.#.#.###......##
..............#.##..#.#..#
.........#.#.(.........##
#............#.#.#


You could see 2 wights.

Vanquished Creatures
  A water moccasin (D:4)
  An ice beast (D:5)
  A sky beast (D:5)
  2 ogres
  2 centaurs
  A necrophage (D:5)
  A scorpion (D:5)
  2 wights (D:6)
  2 howler monkeys (D:4)
  A hound (D:5)
  An orc priest (D:4)
  3 iguanas
  Natasha (thrice) (D:4)
  4 gnolls
  9 adders
  A shadow imp (D:3)
  A white imp (D:4)
  2 worms
  5 dart slugs
  11 orcs
  5 endoplasms
  4 giant cockroaches
  5 goblins
  10 hobgoblins
  6 jackals (D:3)
  3 quokkas
  4 ball pythons
  6 bats
  6 frilled lizards
  6 kobolds
  4 rats
  A spectral hobgoblin (D:1)
114 creatures vanquished.

Notes
Turn   | Place    | Note
-------+----------+-------------------------------------------
     0 | D:1      | nevergonnagetit the Demonspawn Hunter began the quest for
                  | the Orb.
     0 | D:1      | Reached XP level 1. HP: 16/16 MP: 1/1
   223 | D:1      | Reached skill level 1 in Stealth
   257 | D:1      | Gained mutation: You are partially covered in yellow
                  | scales. (AC +2) [demonic ancestry]
   257 | D:1      | Reached XP level 2. HP: 22/22 MP: 2/2
   294 | D:1      | Found a faded altar of an unknown god.
   377 | D:1      | Reached skill level 4 in Crossbows
   734 | D:2      | Reached XP level 3. HP: 27/27 MP: 3/3
  1204 | D:2      | Found a sacrificial altar of Ru.
  1895 | D:3      | Gained mutation: You regenerate magic rapidly. [demonic
                  | ancestry]
  1895 | D:3      | Reached XP level 4. HP: 33/33 MP: 4/4
  3031 | D:3      | Gained mutation: You have sharp fingernails. [demonic
                  | ancestry]
  3031 | D:3      | Reached XP level 5. HP: 38/38 MP: 5/5
  3480 | D:3      | Reached skill level 5 in Crossbows
  3887 | D:4      | Reached XP level 6. HP: 44/44 MP: 6/6
  4595 | D:4      | Noticed Natasha
  4610 | D:4      | Killed Natasha
  4757 | D:4      | HP: 1/44 [white imp (3)]
  4860 | D:4      | Noticed Natasha
  5030 | D:4      | Killed Natasha
  5118 | D:4      | Reached skill level 6 in Crossbows
  5118 | D:4      | Reached skill level 5 in Stealth
  5160 | D:4      | Reached XP level 7. HP: 32/50 MP: 7/7
  5671 | D:4      | Noticed Natasha
  5677 | D:4      | Killed Natasha
  5709 | D:5      | Entered Level 5 of the Dungeon
  6044 | D:4      | Reached skill level 7 in Crossbows
  6538 | D:5      | Reached skill level 8 in Crossbows
  6538 | D:5      | Reached XP level 8. HP: 18/56 MP: 8/8
  6979 | D:5      | Reached skill level 1 in Axes
  7357 | D:6      | Found a staircase to the Ecumenical Temple.
  7362 | Temple   | Entered the Ecumenical Temple
  7708 | D:6      | HP: 2/54 [wight/+0 halberd (12)]
  7708 | D:6      | Slain by a wight

Illustrated notes

Levels and vault maps discovered:
D:1:      dpeg_arrival_pits, layout_basic,
          dreamdust_ecumenical_altar_drowned_temple
D:2:      layout_basic, serial_rivers, chequers_serial_rivers_marsh,
          chequers_serial_rivers_large_a, chequers_serial_rivers_micro_c,
          chequers_serial_rivers_small_b, basic_altar
D:3:      minmay_bubble_buster, layout_loops_corners, minmay_distorted
D:4:      kb_forest_paths, layout_basic, uniq_natasha
D:5:      layout_gridville
D:6:      layout_cave_pools, temple_statues, hellmonk_ghost_happy_afterlife,
          serial_glass, glass_columns_a, glass_columns_c, glass_columns_a,
          glass_columns_a, glass_columns_a, glass_columns_a, glass_columns_b,
          glass_columns_b, glass_columns_a, glass_columns_b, glass_columns_a,
          glass_columns_a, glass_columns_a, glass_columns_a, uniq_sigmund
Temple:   regret_index_temple_sigil_plot

Skill      XL: |  1  2  3  4  5  6  7  8 |
---------------+-------------------------+-----
Stealth        | 1 2 3 4 5 |  5.0
Crossbows      | 4 5 6 8 |  8.7
Axes           | 2 |  2.0
Fighting       | |  2.2
Dodging        | |  1.7

Action                   |  1- 3 |  4- 6 |  7- 9 || total
-------------------------+-------+-------+-------++-------
Melee: Dagger            |     2 |    67 |    37 ||   106
       War axe           |       |       |    21 ||    21
 Fire: Hand crossbow     |   130 |   203 |    92 ||   425
  Use: Scroll            |     4 |       |     5 ||     9
Armor: Leather armour    |    16 |       |       ||    16
       Ring mail         |     8 |    77 |    53 ||   138
Dodge: Dodged            |    41 |    96 |    60 ||   197

Table legend: (Time is in decaauts)
 A = Elapsed time spent in this place.
 B = Non-inter-level travel time spent in this place.
 C = Inter-level travel time spent in this place.
 D = Time resting spent in this place.
 E = Time spent auto-exploring this place.
 F = Levels seen in this place.
 G = Mean time per level.
                   A        B        C        D        E       F      G
               +--------+--------+--------+--------+--------+-----+--------+
         Total |   7860 |   7508 |    352 |   1080 |   5031 |   7 | 1122.9 |
       Dungeon |   7590 |   7252 |    338 |   1080 |   4793 |   6 | 1265.0 |
        Temple |    270 |    256 |     14 |      0 |    238 |   1 |  270.0 |
               +--------+--------+--------+--------+--------+-----+--------+

Top non-repeatable levels by time:
     D:4: 2808 daAuts
     D:3: 1386 daAuts
     D:2: 1321 daAuts
     D:5: 1055 daAuts
     D:1: 932 daAuts
  Temple: 270 daAuts
     D:6: 85 daAuts
